 Dungeon Crawl Stone Soup version 0.22-a0-247-gbddf880 (webtiles) character file.

207 Gildeon the Chopper (level 5, -13/45 HPs)
             Began as a Minotaur Fighter on Feb 26, 2018.
             Mangled by an ogre
             ... wielding a +0 giant spiked club
              (19 damage)
             ... on level 4 of the Dungeon.
             The game lasted 00:08:08 (2599 turns).

Gildeon the Chopper (Minotaur Fighter)              Turns: 2599, Time: 00:08:10

Health: -13/45     AC: 12    Str: 21    XL:     5   Next: 54%
Magic:  4/4        EV:  6    Int:  5    God:
Gold:   191        SH:  0    Dex: 10    Spells: 4/4 levels left

rFire    + . .     SeeInvis .   a - +1 war axe
rCold    + . .     Gourm    .   (no shield)
rNeg     . . .     Faith    .   k - +0 plate armour
rPois    +         Spirit   .   (helmet restricted)
rElec    +         Reflect  .   (no cloak)
rCorr    +         Harm     .   h - +0 pair of gloves
MR       +....     Rnd*Tele +   (no boots)
Stlth    ..........             (no amulet)
HPRegen  0.15/turn              e - ring of protection from magic
MPRegen  0.09/turn              b - ring of teleportation (curse)

@: lethally poisoned (-13 -> -24), resistant
A: retaliatory headbutt, horns 2
a: no special abilities


You were on level 4 of the Dungeon.
You were hungry.

You visited 1 branch of the dungeon, and saw 4 of its levels.

You collected 191 gold pieces.

Inventory:

Hand Weapons
 a - a +1 war axe (weapon)
Armour
 h - a +0 pair of gloves (worn)
 k - a +0 plate armour (worn)
Jewellery
 b - a cursed ring of teleportation (right hand)
 e - a ring of protection from magic (left hand)
 i - an uncursed ring of poison resistance
Potions
 d - 2 potions of might
 j - 2 potions of magic
Comestibles
 f - 8 rations


   Skills:
 - Level 3.6 Fighting
 + Level 7.1 Axes
 - Level 3.6 Armour
   Level 3.6 Shields


You had 4 spell levels left.
You didn't know any spells.

Dungeon Overview and Level Annotations

Branches:
Dungeon (4/15)
 Temple: D:4-7

Altars:

Annotations:
D:4 Amnesiac's ghost, amateur SpFi


Innate Abilities, Weirdness & Mutations

You reflexively headbutt those who attack you in melee.
You have a pair of horns on your head.


Message History

You hit the ogre.
You feel sick.
The scorpion stings you but does no damage.
The ogre barely misses you. The scorpion stings you.
* * * LOW HITPOINT WARNING * * *
You are lethally poisoned!
The scorpion poisons you!
You feel protected.
* * * LOW HITPOINT WARNING * * *
You feel sick.
The ogre hits you with a giant spiked club.
* * * LOW HITPOINT WARNING * * *
The scorpion stings you but does no damage.
You slash the scorpion!
You kill the scorpion!
Your Axes skill increases to level 7!
You hit the ogre.
* * * LOW HITPOINT WARNING * * *
You feel sick.
The ogre hits you with a giant spiked club!!
You die...

. .. ... .... #
.....
##..#####.....#
#....†@O......#
#............##
#.............#
#.......#####...
......### ^.
##...# # ###. #.


You could see an ogre.

Vanquished Creatures
  A scorpion (D:4)
  A worker ant (D:3)
  4 adders (D:2)
  4 worms
  2 dart slugs
  4 leopard geckos
  5 orcs (D:3)
  A ball python (D:1)
  2 giant cockroaches (D:2)
  3 goblins
  10 hobgoblins
  10 jackals
  10 kobolds
  A quokka (D:2)
  4 bats
  5 frilled lizards
  4 rats
71 creatures vanquished.

Notes
Turn   | Place    | Note
-------+----------+-------------------------------------------
     0 | D:1      | Gildeon the Minotaur Fighter began the quest for the Orb.
     0 | D:1      | Reached XP level 1. HP: 19/19 MP: 0/0
    68 | D:1      | Reached skill level 3 in Axes
   196 | D:1      | Reached XP level 2. HP: 22/26 MP: 1/1
   446 | D:1      | Reached skill level 4 in Axes
   737 | D:1      | Reached XP level 3. HP: 29/31 MP: 2/2
  1173 | D:2      | Reached skill level 5 in Axes
  1247 | D:2      | Reached XP level 4. HP: 39/39 MP: 3/3
  1841 | D:3      | Reached skill level 6 in Axes
  2152 | D:4      | Noticed an ogre
  2168 | D:3      | Reached XP level 5. HP: 41/45 MP: 4/4
  2239 | D:4      | Noticed Amnesiac's ghost (amateur SpFi)
  2588 | D:4      | Noticed an ogre
  2599 | D:4      | Reached skill level 7 in Axes
  2599 | D:4      | Mangled by an ogre

Vault maps used:
D:1:      eino_arrival_cavern_a, kennysheep_small_spiral,
          minmay_misc_feat_ornament
D:2:      first_ration
D:4:      uniq_pikel

Skill      XL: |  1  2  3  4  5 |
---------------+----------------+-----
Axes           | 3 4 5 6 7 |  7.1
Fighting       | |  3.6
Armour         | |  3.6
Shields        | |  3.6

Action                   |  1- 3 |  4- 6 || total
-------------------------+-------+-------++-------
Melee: War axe           |    89 |    73 ||   162
       Headbutt          |    10 |     9 ||    19
  Use: Scroll            |     4 |     5 ||     9
       Potion            |       |     1 ||     1
  Eat: Chunk             |     1 |     4 ||     5
Armor: Scale mail        |    52 |    20 ||    72
       Plate armour      |       |    26 ||    26
Dodge: Dodged            |    59 |    34 ||    93
Block: Shield            |    17 |       ||    17

Table legend:
 A = Spawn XP
 B = Non-spawn XP
 C = Spawn XP percentage of total XP
 D = Spawn monster count
 E = Non-spawn monster count
 F = Spawn count percentage of total count
 G = Total turns spent on level
                    A         B        C        D         E        F      G
               +---------+---------+-------+---------+---------+-------+---------
         Total |       0 |     297 |   0.0 |       0 |      71 |   0.0 |  2599
               +---------+---------+-------+---------+---------+-------+---------
           D:1 |       0 |      46 |   0.0 |       0 |      25 |   0.0 |   906
           D:2 |       0 |     110 |   0.0 |       0 |      30 |   0.0 |   925
           D:3 |       0 |      71 |   0.0 |       0 |      15 |   0.0 |   751
           D:4 |       0 |      70 |   0.0 |       0 |       1 |   0.0 |    17
               +---------+---------+-------+---------+---------+-------+---------
